 Dungeon Crawl Stone Soup version 0.21-a0-401-g0b6bec4 (webtiles) character file.

9478 FlytotheMoon the Spear-Bearer (level 11, -1/102 HPs)
             Began as a Minotaur Fighter on Oct 25, 2017.
             Was a Priest of Wu Jian.
             Slain by an 11-headed hydra (4 damage)
             ... on level 11 of the Dungeon.
             The game lasted 01:24:15 (10753 turns).

FlytotheMoon the Spear-Bearer (Minotaur Fighter)   Turns: 10753, Time: 01:24:16

Health: -1/102     AC: 16    Str: 23    XL:     11   Next: 23%
Magic:  10/10      EV:  9    Int:  5    God:    Wu Jian [***...]
Gold:   619        SH:  0    Dex: 14    Spells: 10/10 levels left

rFire    . . .     SeeInvis .   I - +4 halberd
rCold    . . .     Gourm    .   (shield currently unavailable)
rNeg     . . .     Faith    .   L - +1 plate armour
rPois    .         Spirit   .   (helmet restricted)
rElec    .         Reflect  .   (no cloak)
rCorr    .         Harm     .   q - +0 pair of gloves
MR       .....                  (no boots)
Stlth    ..........             K - amulet of regeneration
HPRegen  0.67/turn              r - ring of flight
MPRegen  0.12/turn              z - +3 ring of dexterity

@: about to teleport, drained
A: retaliatory headbutt, horns 2
a: Renounce Religion, Evoke Flight


You were on level 11 of the Dungeon.
You worshipped Wu Jian.
Wu Jian was most pleased with you.
You were not hungry.

You visited 2 branches of the dungeon, and saw 12 of its levels.

You collected 619 gold pieces.

Inventory:

Hand Weapons
 v - a +1 spear of venom
 D - a +0 scythe
 I - a +4 halberd (weapon)
Missiles
 i - 15 tomahawks (quivered)
 k - 300 arrows
Armour
 c - a +0 shield
 q - a +0 pair of gloves (worn)
 L - a +1 plate armour (worn)
Jewellery
 m - an uncursed ring of see invisible
 r - a ring of flight (left hand)
 t - an uncursed amulet of harm
 x - an uncursed amulet of the gourmand
 z - a +3 ring of dexterity (right hand)
 G - an uncursed ring of magical power
 K - an amulet of regeneration (around neck)
 M - an uncursed ring of protection from cold
Wands
 F - a wand of paralysis (21/24)
Scrolls
 b - a scroll of remove curse
 g - a scroll of fog
 h - 2 scrolls of enchant armour
 j - 2 scrolls of enchant weapon
 p - 3 scrolls of identify
 y - 2 scrolls of teleportation
 O - a scroll of recharging
Potions
 a - 2 potions of agility
 d - 2 potions of might
 l - a potion of ambrosia {unknown}
 n - 6 potions of curing
 o - 2 potions of flight
 u - a potion of brilliance {unknown}
 w - 2 potions of haste
 A - 2 potions of magic {unknown}
 B - a potion of cancellation {unknown}
 E - 2 potions of berserk rage {unknown}
 J - a potion of invisibility {unknown}
 N - a potion of lignification {unknown}
Books
 e - a book of Clouds

   Spells                             Type                      Level
   a - Poisonous Vapours              Poison/Air                   2
   b - Mephitic Cloud                 Conjuration/Poison/Air       3
   c - Conjure Flame                  Conjuration/Fire             3
   d - Freezing Cloud                 Conjuration/Ice/Air          6
   e - Ring of Flames                 Charms/Fire                  7
 C - a book of Misfortune

   Spells                             Type                      Level
   a - Confusing Touch                Hexes                        1
   b - Confuse                        Hexes                        3
   c - Gell's Gravitas                Translocation                3
   d - Petrify                        Transmutation/Earth          4
   e - Metabolic Englaciation         Hexes/Ice                    5
   f - Yara's Violent Unravelling     Hexes/Transmutation          5
Comestibles
 f - 9 bread rations
 s - 7 meat rations
 H - 5 fruits


   Skills:
 - Level 11.3(10.0) Fighting
 + Level 13.9(12.5) Polearms
 - Level 10.0(8.7) Armour
 - Level 5.0(3.8) Dodging
 - Level 4.1(3.0) Shields


You had 10 spell levels left.
You didn't know any spells.

Dungeon Overview and Level Annotations

Branches:
Dungeon (11/15)            Temple (1/1) D:5            Lair (0/6) D:8
    Orc: D:9-12

Altars:
Ashenzari
Cheibriados
Dithmenos
Elyvilon
Fedhas
Gozag
Hepliaklqana
Kikubaaqudgha
Makhleb
Nemelex Xobeh
Okawaru
Qazlal
Ru
Sif Muna
Trog
Uskayaw
Vehumet
Wu Jian
Xom
Yredelemnul
Zin
The Shining One

Shops:
D:5 *   D:7 !

Annotations:
D:10 exclusion: ice statue


Innate Abilities, Weirdness & Mutations

You reflexively headbutt those who attack you in melee.
You have a pair of horns on your head.


Message History

The 11-headed hydra barely misses you. The 11-headed hydra bites you.
* * * LOW HITPOINT WARNING * * *
The 11-headed hydra bites you but does no damage.
The 11-headed hydra bites you!
* * * LOW HITPOINT WARNING * * *
The 11-headed hydra barely misses you.
As you read the scroll of teleportation, it crumbles to dust.
You feel strangely unstable. The 11-headed hydra barely misses you.
You furiously retaliate!
You headbutt the 11-headed hydra. The 11-headed hydra bites you.
* * * LOW HITPOINT WARNING * * *
The 11-headed hydra bites you.
* * * LOW HITPOINT WARNING * * *
The 11-headed hydra bites you but does no damage.
The 11-headed hydra bites you.
* * * LOW HITPOINT WARNING * * *
The 11-headed hydra bites you but does no damage.
The 11-headed hydra barely misses you. The 11-headed hydra closely misses you.
The 11-headed hydra bites you.
You die... .....#...}# .........# ........# ......c . .o... .. oo.

.. #o# ## #D#
#########@#
#......()(#
#......))##
#..(......#
######+#+#.#
.......#.#.#
.........#.#
#####.....#
###+#..<#.#####


You could see a 11-headed hydra, 3 orc wizards and an orc.

Vanquished Creatures
  Erolcha (D:9)
  The ghost of porpoise the Geomancer, a journeyman GrEE of Vehumet (D:8)
  A two-headed ogre (D:10)
  Pikel (D:7)
  A gargoyle (D:11)
  Prince Ribbit (D:7)
  A hippogriff (D:10)
  A spriggan (D:7)
  A wraith (D:10)
  Grum (D:9)
  3 hungry ghosts
  Duvessa (D:7)
  2 hell hounds (D:8)
  4 ice beasts
  3 sky beasts
  A black bear (D:8)
  4 orc warriors
  2 necrophages (D:7)
  A phantom (D:4)
  3 wolves (D:9)
  13 centaurs
  2 big kobolds (D:7)
  2 bullfrogs
  A water moccasin zombie (D:5)
  Dowan (D:7)
  2 scorpions (D:4)
  10 killer bees
  A jelly (D:10)
  3 wights (D:10)
  A howler monkey (D:2)
  5 crimson imps
  4 hounds
  7 orc priests
  2 bullfrog skeletons (D:9)
  4 centaur skeletons
  3 iguanas
  9 orc wizards
  Terence (D:3)
  10 worker ants
  A hound skeleton (D:6)
  A worker ant zombie (D:10)
  A howler monkey zombie (D:5)
  11 adders
  2 howler monkey skeletons
  2 shadow imps (D:5)
  2 adder zombies
  4 adder skeletons
  6 worms
  A dart slug (D:1)
  6 leopard geckos
  47 orcs
  7 giant cockroaches
  4 goblins
  4 hobgoblins
  9 jackals
  5 quokkas
  A ball python (D:2)
  6 bats
  7 frilled lizards
  12 kobolds
  6 rats
260 creatures vanquished.

Vanquished Creatures (others)
  2 kobolds (D:7)
2 creatures vanquished.

Grand Total: 262 creatures vanquished

Notes
Turn   | Place    | Note
-------+----------+-------------------------------------------
     0 | D:1      | FlytotheMoon the Minotaur Fighter began the quest for the Orb.
     0 | D:1      | Reached XP level 1. HP: 19/19 MP: 0/0
   310 | D:1      | Reached XP level 2. HP: 27/27 MP: 1/1
   681 | D:2      | Reached XP level 3. HP: 34/34 MP: 2/2
   704 | D:2      | Found a hide-covered altar of Uskayaw.
   798 | D:2      | Reached skill level 3 in Polearms
  1219 | D:2      | Reached XP level 4. HP: 38/41 MP: 3/3
  1794 | D:2      | Reached skill level 4 in Polearms
  2084 | D:3      | Reached skill level 5 in Polearms
  2084 | D:3      | Reached XP level 5. HP: 42/47 MP: 4/4
  2437 | D:3      | Noticed Terence
  2442 | D:3      | Killed Terence
  2442 | D:3      | Reached skill level 6 in Polearms
  2682 | D:5      | Entered Level 5 of the Dungeon
  2691 | D:4      | Noticed a phantom
  2706 | D:4      | Killed a phantom
  2706 | D:4      | Reached skill level 7 in Polearms
  2706 | D:4      | Reached XP level 6. HP: 45/53 MP: 5/5
  3096 | D:4      | Reached skill level 8 in Polearms
  3145 | D:4      | Reached XP level 7. HP: 60/60 MP: 6/6
  3392 | D:5      | Found a sacrificial altar of Ru.
  3444 | D:5      | Reached skill level 9 in Polearms
  3735 | D:5      | Reached skill level 10 in Polearms
  3845 | D:5      | Reached XP level 8. HP: 57/67 MP: 7/7
  3873 | D:5      | Found Huochamp's Humungous Hoard.
  3984 | D:5      | Found a staircase to the Ecumenical Temple.
  4003 | Temple   | Entered the Ecumenical Temple
  4121 | Temple   | Became a worshipper of the Wu Jian Council
  4210 | D:5      | Reached skill level 11 in Polearms
  4982 | D:6      | Found a bloodstained altar of Trog.
  4982 | D:6      | Found a snail-covered altar of Cheibriados.
  4982 | D:6      | Found a hazy altar of Hepliaklqana.
  4982 | D:6      | Found a basalt altar of Yredelemnul.
  5017 | D:6      | Reached skill level 12 in Polearms
  5101 | D:6      | Found a sparkling altar of Nemelex Xobeh.
  5242 | D:7      | Noticed Duvessa
  5243 | D:7      | Noticed Dowan
  5256 | D:7      | Killed Dowan
  5256 | D:7      | Reached skill level 5 in Fighting
  5270 | D:7      | Killed Duvessa
  5270 | D:7      | Reached skill level 5 in Armour
  5591 | D:7      | Reached XP level 9. HP: 75/75 MP: 8/8
  5621 | D:7      | Found a deep blue altar of Sif Muna.
  5664 | D:7      | Noticed Prince Ribbit
  5673 | D:7      | Killed Prince Ribbit
  5704 | D:7      | Reached * piety under Wu Jian
  6307 | D:7      | Found a stormy altar of Qazlal.
  6307 | D:7      | Found a shimmering altar of Xom.
  6420 | D:7      | Noticed Pikel
  6443 | D:7      | Killed Pikel
  6452 | D:7      | Found Qaal's Distillery.
  6730 | D:8      | Noticed porpoise's ghost (journeyman GrEE)
  7397 | D:8      | Found a staircase to the Lair.
  7435 | D:8      | Reached XP level 10. HP: 63/91 MP: 9/9
  7766 | D:8      | Killed porpoise's ghost
  7766 | D:8      | Reached skill level 10 in Fighting
  7858 | D:8      | Reached skill level 1 in Dodging
  7867 | D:8      | Reached ** piety under Wu Jian
  8141 | D:8      | Reached skill level 10 in Armour
  8206 | D:10     | Entered Level 10 of the Dungeon
  8345 | D:9      | Noticed Grum
  8376 | D:9      | Killed Grum
  8450 | D:9      | Noticed Erolcha
  8453 | D:9      | Paralysed by Erolcha for 2 turns
  8631 | D:9      | Paralysed by Erolcha for 6 turns
  9012 | D:9      | Paralysed by Erolcha for 6 turns
  9025 | D:9      | Killed Erolcha
  9295 | D:10     | Noticed a two-headed ogre
  9308 | D:10     | Killed a two-headed ogre
  9531 | D:10     | Reached skill level 13 in Polearms
  9531 | D:10     | Reached XP level 11. HP: 102/102 MP: 10/10
  9608 | D:10     | Reached skill level 5 in Dodging
 10296 | D:11     | Reached *** piety under Wu Jian
 10743 | D:11     | Noticed a six-headed hydra
 10753 | D:11     | HP: 3/102 [11-headed hydra (4)]
 10753 | D:11     | Slain by an 11-headed hydra

Vault maps used:
D:1:      lightli_arrival_maybe_door_vault, serial_bayou, serial_bayou_crossing,
          serial_bayou_ford_a, serial_bayou_lagoon_b, serial_bayou_pond_d
D:2:      lemuel_round_altar, minmay_tromino_v7
D:3:      uniq_terence
D:5:      overflow_temple_1_default, temple_hall, first_bread,
          nicolae_alphabet_shops, grunt_ministairs_1, sigmund_army
D:6:      nemelex_xobeh_ov_fountains_minmay,
          chequers_temple_overflow_statue_of_worship, item_on_display_a
D:7:      old_standard_altar, gammafunk_temple_overflow_wave, serial_shops,
          kennysheep_mini_moat, the_bakery, minmay_unpleasant_kobolds,
          uniq_pikel, uniq_duvessa, uniq_prince_ribbit1
D:8:      minmay_lair_entry_lava, nicolae_ossuary_entry_ruins
D:9:      uniq_erolcha, uniq_grum
D:10:     minivault_16
D:11:     uniq_psyche
Temple:   minmay_temple_bridge_abc

Skill      XL: |  1  2  3  4  5  6  7  8  9 10 11 |
---------------+----------------------------------+-----
Fighting       | 4 6 9 11 | 11.3
Armour         | 4 5 9 10 | 10.0
Shields        | 4 |  4.1
Polearms       | 3 5 7 8 10 12 13 | 13.9
Dodging        | 4 5 |  5.0

Action                   |  1- 3 |  4- 6 |  7- 9 | 10-12 || total
-------------------------+-------+-------+-------+-------++-------
Melee: Trident           |    91 |     9 |       |       ||   100
       Headbutt          |    11 |    22 |    88 |    62 ||   183
       Spear             |       |   127 |   462 |   254 ||   843
       Halberd           |       |       |       |    76 ||    76
Throw: Tomahawk          |       |       |       |    10 ||    10
Evoke: Wand              |       |       |       |     1 ||     1
  Use: Scroll            |       |       |     3 |    17 ||    20
       Potion            |       |       |     4 |     2 ||     6
  Eat: Chunk             |     1 |     6 |     9 |     4 ||    20
       Royal jelly       |       |       |     2 |     4 ||     6
       Bread ration      |       |       |     1 |       ||     1
       Fruit             |       |       |       |     1 ||     1
Armor: Scale mail        |    33 |    25 |    21 |       ||    79
       Chain mail        |       |       |    56 |       ||    56
       Plate armour      |       |       |     6 |   129 ||   135
Dodge: Dodged            |    27 |    22 |    44 |    59 ||   152
Block: Shield            |    35 |    28 |   118 |    63 ||   244

Table legend:
 A = Spawn XP
 B = Non-spawn XP
 C = Spawn XP percentage of total XP
 D = Spawn monster count
 E = Non-spawn monster count
 F = Spawn count percentage of total count
 G = Total turns spent on level
                    A         B        C        D         E        F      G
               +---------+---------+-------+---------+---------+-------+---------
         Total |       0 |   13541 |   0.0 |       0 |     260 |   0.0 | 10753
               +---------+---------+-------+---------+---------+-------+---------
           D:1 |       0 |      19 |   0.0 |       0 |      11 |   0.0 |   504
           D:2 |       0 |     154 |   0.0 |       0 |      32 |   0.0 |  1475
           D:3 |       0 |     173 |   0.0 |       0 |      26 |   0.0 |   749
           D:4 |       0 |     545 |   0.0 |       0 |      17 |   0.0 |   651
           D:5 |       0 |    1000 |   0.0 |       0 |      35 |   0.0 |  1009
           D:6 |       0 |     290 |   0.0 |       0 |      13 |   0.0 |   697
           D:7 |       0 |    2636 |   0.0 |       0 |      34 |   0.0 |  1861
           D:8 |       0 |    2274 |   0.0 |       0 |      24 |   0.0 |  1429
           D:9 |       0 |    2351 |   0.0 |       0 |      28 |   0.0 |   733
          D:10 |       0 |    2258 |   0.0 |       0 |      20 |   0.0 |  1304
          D:11 |       0 |    1841 |   0.0 |       0 |      20 |   0.0 |   201
               +---------+---------+-------+---------+---------+-------+---------
